 Dungeon Crawl Stone Soup version 0.20.0-15-g7f486f2 (webtiles) character file.

88 tof the Cudgeler (level 4, -2/34 HPs)
             Began as a Demonspawn Gladiator on June 24, 2017.
             Killed from afar by an orc wizard (7 damage)
             ... with a magic dart
             ... on level 3 of the Dungeon.
             The game lasted 00:05:40 (2252 turns).

tof the Cudgeler (Demonspawn Gladiator)             Turns: 2252, Time: 00:05:41

Health: -2/34      AC:  4    Str: 15    XL:     4   Next: 30%
Magic:  0/4        EV: 15    Int:  9    God:
Gold:   117        SH:  0    Dex: 15    Spells: 3/3 levels left

rFire    . . .     SeeInvis .   a - +0 flail
rCold    . . .     Gourm    .   (no shield)
rNeg     . . .     Faith    .   b - +0 leather armour
rPois    .         Spirit   +   c - +0 helmet
rElec    .         Reflect  .   (no cloak)
rCorr    .         Harm     .   (no gloves)
MR       .....                  (no boots)
Stlth    +.........             (no amulet)
Regen    0.2/turn               g - +2 ring of evasion
MPRegen  0.1/turn               (no ring)

@: drained
A: hooves 1, magic shield
a: no special abilities


You were on level 3 of the Dungeon.
You were hungry.

You visited 1 branch of the dungeon, and saw 3 of its levels.

You collected 117 gold pieces.

Inventory:

Hand Weapons
 a - a +0 flail (weapon)
Missiles
 d - 3 throwing nets (quivered)
Armour
 b - a +0 leather armour (worn)
 c - a +0 helmet (worn)
Jewellery
 g - a +2 ring of evasion (left hand)
Scrolls
 h - a scroll of teleportation
 j - 2 scrolls of remove curse
 q - a scroll of recharging {unknown}
Potions
 i - 2 potions of invisibility {unknown}
 l - a potion of flight {unknown}
 o - a potion of mutation {unknown}
Comestibles
 f - 2 bread rations
 k - a chunk of flesh
 n - a royal jelly
 p - a meat ration


   Skills:
 + Level 2.6(2.4) Fighting
 * Level 3.3(3.2) Maces & Flails
 + Level 2.3(2.1) Throwing
 * Level 1.4(1.2) Armour
 + Level 3.0(2.8) Dodging


You had 3 spell levels left.
You didn't know any spells.

Dungeon Overview and Level Annotations

Branches:
Dungeon (3/15)

Altars:
Elyvilon
Kikubaaqudgha


Innate Abilities, Weirdness & Mutations

You have large cloven feet.
When hurt, damage is shared between your health and your magic reserves.


Message History

The orc wizard miscasts a cantrip.
The orc wizard hits you with a dagger. Something hits you but does no damage.
The orc wizard hits you but does no damage.
The orc wizard closely misses you.
You sock the orc wizard!
You kick the orc wizard, but do no damage.
The orc wizard is severely wounded.
The orc wizard hits you with a dagger. Something hits you.
The orc wizard hits you with a dagger.
The orc wizard points at you and mumbles some strange words.
The magic dart hits you! Something barely misses you.
The orc wizard points at you and mumbles some strange words.
The puff of flame hits you!
* * * LOW HITPOINT WARNING * * *
The orc wizard mumbles some strange words.
The orc wizard seems to speed up.
You hear some strange, mumbled words.
A magic dart appears from out of thin air!
The magic dart hits you!
You die...

..## ... ..#
# ..# #.###
..###
...#....#
####....# #
#...#@..#.#
#.#.o{o...#
#........####
#..#.........
#..#.....####
#. #.......#
# #....##.#
.....# .#
......# #


You could see 2 orc wizards.

Vanquished Creatures
  3 adders (D:2)
  A worm (D:2)
  3 dart slugs
  An orc (D:3)
  10 bats
  2 giant cockroaches (D:2)
  5 goblins
  7 hobgoblins
  2 quokkas (D:2)
  5 frilled lizards
  5 kobolds
  9 rats
53 creatures vanquished.

Notes
Turn   | Place    | Note
-------+----------+-------------------------------------------
     0 | D:1      | tof the Demonspawn Gladiator began the quest for the Orb.
     0 | D:1      | Reached XP level 1. HP: 16/16 MP: 1/1
     3 | D:1      | Noticed an electric eel
     3 | D:1      | Noticed an electric eel
   195 | D:1      | Gained mutation: You have large cloven feet. [demonic ancestry]
   195 | D:1      | Reached XP level 2. HP: 8/22 MP: 2/2
   929 | D:2      | Reached skill level 1 in Armour
  1099 | D:2      | Gained mutation: When hurt, damage is shared between your health and your magic reserves. [demonic ancestry]
  1099 | D:2      | Reached XP level 3. HP: 27/27 MP: 3/3
  1506 | D:2      | Reached XP level 4. HP: 34/34 MP: 4/4
  1595 | D:2      | Found an ancient bone altar of Kikubaaqudgha.
  2066 | D:2      | Found a white marble altar of Elyvilon.
  2252 | D:3      | Killed from afar by an orc wizard

Skill      XL: |  1  2  3  4 |
---------------+-------------+-----
Throwing       | 2 |  2.3
Maces & Flails | 3 |  3.3
Armour         | 1 |  1.4
Dodging        | 3 |  3.0
Fighting       | |  2.6

Action                   |  1- 3 |  4- 6 || total
-------------------------+-------+-------++-------
Melee: Flail             |   136 |    47 ||   183
       Kick              |    22 |    13 ||    35
  Use: Scroll            |       |     3 ||     3
  Eat: Chunk             |     2 |     2 ||     4
Armor: Leather armour    |    46 |    18 ||    64
Dodge: Dodged            |   109 |    40 ||   149
